[Event "Titled Tuesday Blitz November 22 Late 2022"]
[White "Chigaev, Maksim"]
[Black "Sokolovsky, Yahli"]
[WhiteFideId "4108116"]
[BlackFideId "2820242"]
[WhiteElo "2541"]
[BlackElo "2316"]
[Result "1-0"]
[Round "09"]
[TimeControl "180+1"]
[Date "2022.11.22"]
[WhiteClock "0:00:05"]
[BlackClock "0:00:09"]

1. c4 g6 2. Nc3 Bg7 3. d4 d6 4. Nf3 Nf6 5. e4 O-O 6. Be2 Bg4 7. Be3 Nc6 8. d5 Bxf3 9. gxf3 Nb8 10. h4 e5 11. dxe6 fxe6 12. f4 Qe8 13. h5 Nxh5 14. Bxh5 gxh5 15. Rxh5 Qg6 16. Rg5 Qh6 17. Ke2 Kh8 18. Qh1 Qxh1 19. Rxh1 Rf7 20. e5 Nc6 21. exd6 cxd6 22. Ne4 Rd8 23. Rgh5 h6 24. Rd1 Rfd7 25. b3 d5 26. Nc5 Re7 27. cxd5 exd5 28. Rhxd5 Rxd5 29. Rxd5 Nb4 30. Rd8+ Kh7 31. a4 Nc6 32. Rd5 b6 33. Nd3 Nd4+ 34. Kf1 Nxb3 35. f5 Na5 36. Nf4 Nc4 37. Ne6 Rf7 38. Ke2 Be5 39. f4 Bb2 40. Kf3 Ba3 41. Bf2 Nd6 42. Nd4 Bc5 43. Nc6 Bxf2 44. Rxd6 Bc5 45. Rd5 h5 46. Nd8 Rf6 47. Ne6 h4 48. Kg4 Bf2 49. Ng5+ Kg7 50. Rd7+ Kf8 51. Nh7+ 1-0


[Site "https://www.chess.com"]

[Event "Titled Tuesday Blitz November 22 Late 2022"]
[White "Clawitter, Craig"]
[Black "Lopez Gracia, Fernando"]
[WhiteFideId "2023105"]
[BlackFideId "2207184"]
[WhiteElo "2267"]
[BlackElo "2441"]
[Result "1-0"]
[Round "09"]
[TimeControl "180+1"]
[Date "2022.11.23"]
[WhiteClock "0:00:39"]
[BlackClock "0:01:30"]

1. e4 c5 2. Nf3 e6 3. d4 cxd4 4. Nxd4 Nf6 5. Nc3 d6 6. g4 h6 7. h4 Nc6 8. Rg1 Be7 9. g5 hxg5 10. hxg5 Nd7 11. g6 Nde5 12. gxf7+ Kf8 13. Be3 Bd7 14. Qe2 Qa5 15. Nb3 Qc7 16. O-O-O a6 17. f4 Nxf7 18. Qg4 Bf6 19. e5 dxe5 20. Ne4 Ke8 21. Nxf6+ gxf6 22. Qg7 exf4 23. Bc5 Nce5 24. Qg8+ 1-0


[Site "https://www.chess.com"]

[Event "Titled Tuesday Blitz November 22 Late 2022"]
[White "Corrales Jimenez, Fidel"]
[Black "Fernandez De La Vara, Arnaldo"]
[WhiteFideId "3506690"]
[BlackFideId "3518388"]
[WhiteElo "2541"]
[BlackElo "2387"]
[Result "1-0"]
[Round "09"]
[TimeControl "180+1"]
[Date "2022.11.22"]
[WhiteClock "0:01:29"]
[BlackClock "0:00:01"]

1. e4 c5 2. d4 cxd4 3. c3 d3 4. Nf3 Nc6 5. Bxd3 g6 6. O-O Bg7 7. c4 Nf6 8. Nc3 O-O 9. h3 d6 10. Bf4 Nd7 11. Qd2 Nc5 12. Rfe1 a6 13. Rad1 Rb8 14. Bb1 Be6 15. Nd5 b5 16. cxb5 axb5 17. b4 Na4 18. Rc1 Ne5 19. Nxe5 Bxe5 20. Bxe5 dxe5 21. Red1 Bxd5 22. Qxd5 Qxd5 23. Rxd5 Rfc8 24. Rxc8+ Rxc8 25. Bd3 Nc3 26. Rxe5 e6 27. Bxb5 Ra8 28. Bc4 Ra4 29. Bb3 Rxb4 30. f3 Rd4 31. Rc5 Rd3 32. Bc2 Re3 33. a4 Re1+ 34. Kh2 Na2 35. Rc4 Ra1 36. Kg3 Nc1 37. Kf2 Kg7 38. Ke3 1-0


[Site "https://www.chess.com"]

[Event "Titled Tuesday Blitz November 22 Late 2022"]
[White "Cortes Orihuela, Javier"]
[Black "Salman, Pavel"]
[WhiteFideId "3414329"]
[BlackFideId "24153753"]
[WhiteElo "2080"]
[BlackElo "2187"]
[Result "1-0"]
[Round "09"]
[TimeControl "180+1"]
[Date "2022.11.23"]
[WhiteClock "0:00:04"]
[BlackClock "0:00:01"]

1. d4 Nf6 2. c4 c5 3. d5 b5 4. cxb5 a6 5. bxa6 g6 6. Nc3 Bg7 7. e4 O-O 8. Nf3 Qa5 9. Nd2 Bxa6 10. Bxa6 Qxa6 11. Qe2 e6 12. Qxa6 Nxa6 13. dxe6 fxe6 14. O-O Nb4 15. Nb3 c4 16. Nc5 Rfc8 17. N5a4 Ra6 18. Bf4 Nxe4 19. Nxe4 Rxa4 20. Nd6 Rca8 21. Nxc4 Nd3 22. Nb6 Nxf4 23. Nxa4 Rxa4 24. g3 Ne2+ 25. Kg2 Bxb2 26. Rad1 Nd4 27. Rd2 Bc3 28. Rd3 Ba5 29. Rfd1 e5 30. Re3 d6 31. Rb1 Rxa2 32. Rb7 Nc2 33. Reb3 Ne1+ 34. Kf1 Ra1 35. Rd7 Nf3+ 36. Kg2 Ne1+ 37. Kh3 1-0


[Site "https://www.chess.com"]

[Event "Titled Tuesday Blitz November 22 Late 2022"]
[White "Curtis, John"]
[Black "Prem, Pranav"]
[WhiteFideId "3200256"]
[BlackFideId "30901057"]
[WhiteElo "2203"]
[BlackElo "1970"]
[Result "0-1"]
[Round "09"]
[TimeControl "180+1"]
[Date "2022.11.23"]
[WhiteClock "0:00:27"]
[BlackClock "0:00:18"]

1. d4 d5 2. Nf3 Nf6 3. c4 e6 4. Nc3 Be7 5. Bg5 O-O 6. e3 Nbd7 7. cxd5 exd5 8. Rc1 c6 9. Bd3 Re8 10. a3 a5 11. O-O Nf8 12. Nd2 Ng6 13. Bxf6 Bxf6 14. b4 axb4 15. axb4 Be7 16. b5 Bd6 17. bxc6 bxc6 18. Nf3 Qf6 19. e4 Bg4 20. e5 Bxf3 21. exf6 Bxd1 22. Bxg6 hxg6 23. Nxd1 Ra6 24. fxg7 Re4 25. Rb1 Rxd4 26. Rb7 Kxg7 27. Rd7 Bc5 28. Ne3 Rd2 29. Re1 Raa2 30. Nd1 Ra1 0-1


[Site "https://www.chess.com"]

[Event "Titled Tuesday Blitz November 22 Late 2022"]
[White "Czopor, Maciej"]
[Black "Necromon"]
[WhiteFideId "21805431"]
[WhiteElo "2324"]
[BlackElo "2484"]
[Result "1-0"]
[Round "09"]
[TimeControl "180+1"]
[Date "2022.11.23"]
[WhiteClock "0:00:52"]
[BlackClock "0:00:04"]

1. c4 e5 2. Nc3 Nf6 3. e3 Bb4 4. Nge2 Nc6 5. a3 Bxc3 6. Nxc3 O-O 7. Be2 d6 8. O-O Ne7 9. b4 b6 10. Bb2 Bb7 11. d3 Ng6 12. Bf3 c6 13. g3 d5 14. cxd5 cxd5 15. Bg2 Re8 16. Rc1 e4 17. Nb5 Rc8 18. Rxc8 Bxc8 19. dxe4 Ba6 20. a4 Nxe4 21. Qd4 Nf6 22. Rc1 Bxb5 23. axb5 Qd7 24. g4 Qxg4 25. Qxg4 Nxg4 26. Bxd5 N6e5 27. Rc7 Rd8 28. f4 g5 29. fxe5 Rxd5 30. Rc8+ Kg7 31. e6+ Kg6 32. e7 Rd1+ 33. Kg2 Rd2+ 34. Kf3 h5 35. Rg8+ Kh7 36. Rg7+ Kh6 37. e8=Q Rf2+ 38. Ke4 f5+ 39. Kd3 1-0


[Site "https://www.chess.com"]

[Event "Titled Tuesday Blitz November 22 Late 2022"]
[White "D`Arruda, Ricardo D."]
[Black "Burke, Paul"]
[WhiteFideId "100692"]
[BlackFideId "2605767"]
[WhiteElo "2495"]
[BlackElo "1931"]
[Result "1/2-1/2"]
[Round "09"]
[TimeControl "180+1"]
[Date "2022.11.23"]
[WhiteClock "0:00:41"]
[BlackClock "0:00:19"]

1. Nf3 a6 2. d4 d6 3. e4 g6 4. Nc3 Bg7 5. Be3 h6 6. Qd2 Nd7 7. O-O-O e6 8. h4 Ne7 9. Bd3 b6 10. d5 e5 11. h5 g5 12. Ne2 Nf6 13. Ng3 Ng4 14. Kb1 Nxe3 15. fxe3 f6 16. Nh2 Bd7 17. Be2 Qc8 18. c4 O-O 19. Rhf1 f5 20. exf5 Nxf5 21. Nxf5 Bxf5+ 22. Ka1 Qd7 23. g4 Bh7 24. Rxf8+ Rxf8 25. Rf1 Rxf1+ 26. Nxf1 Qf7 27. Qe1 e4 28. a3 Qf6 29. Qd2 a5 30. Ka2 Kh8 31. Ng3 Qe5 32. Nf5 Bxf5 33. gxf5 Qxf5 34. Bd1 g4 35. Qg2 Qg5 36. Qxg4 Qxg4 37. Bxg4 Bf6 38. Bf5 Bg5 39. Bxe4 Bxe3 40. a4 Bc5 41. b3 Kg7 42. Bg6 Kf6 43. Kb2 Ke5 44. Kc2 Kd4 45. Bf7 Ke3 46. Bg6 Kd4 47. Bf7 Ke3 48. Bg6 Kd4 1/2-1/2


[Site "https://www.chess.com"]

[Event "Titled Tuesday Blitz November 22 Late 2022"]
[White "Dudzinski, Pawel"]
[Black "Besedes, Danilo"]
[WhiteFideId "1117890"]
[BlackFideId "946796"]
[WhiteElo "2086"]
[BlackElo "2352"]
[Result "0-1"]
[Round "09"]
[TimeControl "180+1"]
[Date "2022.11.23"]
[WhiteClock "0:00:03"]
[BlackClock "0:00:14"]

1. e4 d5 2. e5 c5 3. f4 Nc6 4. Nf3 Bg4 5. h3 Bxf3 6. Qxf3 h5 7. c3 e6 8. g3 Nge7 9. Bg2 Nf5 10. d3 g5 11. O-O g4 12. hxg4 hxg4 13. Qxg4 Be7 14. Nd2 Kd7 15. Nf3 Rg8 16. Ng5 Nxe5 17. fxe5 Bxg5 18. Rxf5 Be3+ 19. Bxe3 Rxg4 20. Rxf7+ Kc6 21. Bf4 Qg8 22. Rf6 Rf8 23. Rf1 Rxf6 24. exf6 Qf7 25. Be5 Rg5 26. d4 cxd4 27. cxd4 Rf5 28. Rc1+ Kb6 29. Rf1 Rxf1+ 30. Kxf1 Kc6 31. Kf2 Qh5 32. Bf3 Qh2+ 33. Bg2 Kd7 34. g4 Qh4+ 35. Kf3 Ke8 36. Kf4 Kf7 37. Bf3 Kg6 38. Ke3 Qe1+ 39. Be2 Qc1+ 40. Kf3 Qd2 41. b3 a5 42. a4 Qc3+ 43. Kf4 Qxb3 44. g5 Qxa4 45. Bd3+ Kf7 46. g6+ Kf8 47. g7+ Kg8 48. Bg6 Qd7 49. f7+ Qxf7+ 50. Bxf7+ Kxf7 51. Bc7 a4 52. Ke3 a3 53. Kd3 a2 54. g8=Q+ Kxg8 55. Be5 a1=Q 56. Kc2 Qa4+ 0-1


[Site "https://www.chess.com"]

[Event "Titled Tuesday Blitz November 22 Late 2022"]
[White "Fernandez Garcia, Gumersindo"]
[Black "Rose, Felix"]
[WhiteFideId "24516740"]
[BlackFideId "5105722"]
[WhiteElo "2140"]
[BlackElo "2039"]
[Result "1/2-1/2"]
[Round "09"]
[TimeControl "180+1"]
[Date "2022.11.23"]
[WhiteClock "0:02:17"]
[BlackClock "0:00:35"]

1. e4 c5 2. c3 Nf6 3. e5 Nd5 4. d4 cxd4 5. cxd4 d6 6. Bc4 Nb6 7. Bb5+ Bd7 8. Bxd7+ Qxd7 9. Nf3 Nc6 10. O-O e6 11. Nc3 dxe5 12. dxe5 Be7 13. Be3 Qxd1 14. Raxd1 Nc4 15. Nb5 O-O 16. Rd7 Nxe3 17. fxe3 b6 18. Rc1 Bc5 19. Nbd4 Rfc8 20. Kf2 a5 21. Ke2 h6 22. Nb5 Rd8 23. Rc7 Rac8 24. a3 Rxc7 25. Nxc7 Rc8 26. Nb5 Be7 27. Nd6 Nd4+ 28. exd4 Rxc1 29. Kd3 Rf1 30. Nc4 Bd8 31. Ncd2 Rf2 32. Ne1 b5 33. Ke3 Rf5 34. Nef3 Bg5+ 35. Ke2 Bxd2 36. Kxd2 g5 37. Ke3 g4 38. Ne1 Rf1 39. Ke2 Rf4 40. Ke3 Rf1 41. Ke2 Rf5 42. Nd3 h5 43. Nc5 h4 44. Ne4 g3 45. hxg3 hxg3 46. Nxg3 Rg5 47. Kf3 Kh7 48. Ne4 Rg8 49. Nf6+ Kg7 50. Nxg8 Kxg8 51. Ke4 Kg7 52. d5 exd5+ 53. Kxd5 Kg6 54. g4 b4 55. axb4 axb4 56. Kc4 Kg5 57. Kxb4 Kxg4 58. Kc5 Kf5 59. Kd5 f6 60. exf6 Kxf6 61. b4 Ke7 62. Kc6 Kd8 63. Kb7 Kd7 64. b5 Kd8 65. b6 Kd7 66. Ka7 Kc8 67. b7+ Kd7 68. b8=Q Kc6 69. Qb6+ Kd5 70. Kb7 Kc4 71. Qc6+ Kd4 72. Kc7 Kd3 73. Qd6+ Kc4 74. Kc6 Kc3 75. Kc5 Kb3 76. Qd3+ Kb2 77. Qd2+ Kb3 78. Kd4 Ka3 79. Qc3+ Ka4 80. Qb2 Ka5 81. Qb3 Ka6 82. Qb4 Ka7 83. Qb5 Ka8 84. Ke3 Ka7 85. Kf2 Ka8 86. Kg2 Ka7 87. Kh2 Ka8 88. Kh1 Ka7 89. Kg1 Ka8 90. Kf1 Ka7 91. Ke1 Ka8 92. Kd1 Ka7 93. Kc1 Ka8 94. Kb1 Ka7 95. Ka1 Ka8 96. Ka2 Ka7 97. Kb2 Ka8 98. Kc2 Ka7 99. Kc3 Ka8 100. Kb3 Ka7 101. Ka3 Ka8 102. Ka4 Ka7 103. Kb4 Ka8 104. Kc4 Ka7 105. Kd4 Ka8 106. Ke4 Ka7 107. Kf4 Ka8 108. Kg4 Ka7 109. Kh4 Ka8 110. Kh5 Ka7 111. Kg5 Ka8 112. Kf5 Ka7 113. Ke5 Ka8 114. Kd5 Ka7 115. Kc5 Ka8 116. Kc6 Ka7 117. Kd6 Ka8 118. Ke6 1/2-1/2


[Site "https://www.chess.com"]

[Event "Titled Tuesday Blitz November 22 Late 2022"]
[White "Fernandez Guillen, Ernesto J."]
[Black "Oro, Faustino"]
[WhiteFideId "3512428"]
[BlackFideId "20000197"]
[WhiteElo "2450"]
[BlackElo "2066"]
[Result "1-0"]
[Round "09"]
[TimeControl "180+1"]
[Date "2022.11.22"]
[WhiteClock "0:00:38"]
[BlackClock "0:00:05"]

1. e4 e5 2. Nf3 Nc6 3. Bc4 Bc5 4. d4 exd4 5. O-O Nf6 6. e5 d5 7. exf6 dxc4 8. fxg7 Rg8 9. Bg5 Qd5 10. Nc3 Qf5 11. Ne4 Rxg7 12. Nh4 Qxe4 13. Re1 Qxe1+ 14. Qxe1+ Be6 15. Bf6 Rg8 16. Rd1 Be7 17. Bxe7 Nxe7 18. Rxd4 Rg4 19. Rxg4 Bxg4 20. h3 Be6 21. Qd2 Ng6 22. Qg5 Rd8 23. Nf3 Rd5 24. Qh6 Nf8 25. Kh2 Bf5 26. c3 Bg6 27. Qe3+ Ne6 28. Qxa7 Rb5 29. b4 cxb3 30. axb3 c6 31. b4 Kd7 32. Qb8 f6 33. Qh8 Rf5 34. c4 Rf4 35. Qb8 Rxc4 36. Qxb7+ Kd6 37. Qb8+ Kd7 38. b5 Rc5 39. b6 Rb5 40. Qa7+ Kc8 41. Qe7 Nc5 42. Nd4 1-0


[Site "https://www.chess.com"]

[Event "Titled Tuesday Blitz November 22 Late 2022"]
[White "Figorito, Nick"]
[Black "Marchesich, Giovanni"]
[WhiteFideId "30923689"]
[BlackFideId "2824790"]
[WhiteElo "2281"]
[BlackElo "2200"]
[Result "0-1"]
[Round "09"]
[TimeControl "180+1"]
[Date "2022.11.23"]
[WhiteClock "0:01:30"]
[BlackClock "0:02:37"]

1. Nf3 b6 2. g3 Bb7 3. Bg2 g6 4. O-O Bg7 5. c4 e6 6. Nc3 Ne7 7. d3 d6 8. Rb1 a5 9. Bd2 O-O 10. a3 Na6 11. b4 axb4 12. axb4 e5 13. b5 Nc5 14. Qc2 h6 15. Ra1 Qd7 16. e4 f5 17. Be3 g5 18. Bxc5 bxc5 19. exf5 Nxf5 20. Nxe5 Bxe5 21. Bxb7 Nd4 22. Qd2 Rxa1 23. Rxa1 Nb3 24. Bd5+ Kh8 25. Qa2 Nxa1 26. Qxa1 Qg7 27. Qe1 Bxc3 28. Qe6 Bd4 0-1


[Site "https://www.chess.com"]

[Event "Titled Tuesday Blitz November 22 Late 2022"]
[White "Fiol, Fabrice"]
[Black "Arngrimsson, Dagur"]
[WhiteFideId "611670"]
[BlackFideId "2301288"]
[WhiteElo "2447"]
[BlackElo "2286"]
[Result "0-1"]
[Round "09"]
[TimeControl "180+1"]
[Date "2022.11.23"]
[WhiteClock "0:00:03"]
[BlackClock "0:00:44"]

1. e4 c5 2. Nf3 d6 3. Bb5+ Bd7 4. Bxd7+ Qxd7 5. O-O Nc6 6. c3 Nf6 7. Re1 e6 8. d4 cxd4 9. cxd4 d5 10. e5 Ne4 11. Nbd2 Nxd2 12. Bxd2 Be7 13. Rc1 O-O 14. h4 Rac8 15. h5 f6 16. h6 g6 17. exf6 Bxf6 18. Ne5 Nxe5 19. dxe5 Be7 20. Qg4 Bc5 21. Re2 Rf5 22. b4 Bb6 23. Rc3 Rxc3 24. Bxc3 d4 25. Rd2 Rxf2 26. Rxd4 Rc2 27. Kh1 Bxd4 28. Bxd4 Rc4 29. Qg5 Rxd4 30. Qf6 Rxb4 31. Kh2 Rc4 32. a4 Rc8 33. a5 Rf8 34. Qg5 Rf5 35. a6 Rxg5 36. axb7 Qxb7 37. g4 Qf3 38. Kg1 Rxg4+ 39. Kh2 Qg2# 0-1


[Site "https://www.chess.com"]

[Event "Titled Tuesday Blitz November 22 Late 2022"]
[White "Gascon Del Nogal, Jose Rafael"]
[Black "Janaszak, Dawid"]
[WhiteFideId "3902463"]
[BlackFideId "1119206"]
[WhiteElo "2473"]
[BlackElo "2226"]
[Result "1/2-1/2"]
[Round "09"]
[TimeControl "180+1"]
[Date "2022.11.23"]
[WhiteClock "0:00:06"]
[BlackClock "0:00:12"]

1. Nf3 g6 2. e4 c5 3. d4 cxd4 4. Nxd4 Nc6 5. c4 Bg7 6. Be3 Qb6 7. Nb5 Qa5+ 8. N5c3 Nf6 9. Bd3 Qb4 10. a3 Qa5 11. O-O d6 12. Nd5 O-O 13. Nbc3 Be6 14. f3 Rfc8 15. Rc1 Bxd5 16. cxd5 Ne5 17. Qe2 Nxd3 18. Qxd3 Nd7 19. Qe2 Bxc3 20. bxc3 Rxc3 21. Bd4 Rcc8 22. Rb1 Qa4 23. Ba1 Rc2 24. Qd3 b6 25. Rb4 Qxb4 26. axb4 Rac8 27. h4 Ra2 28. Qd4 f6 29. h5 Rcc2 30. Rd1 Rxg2+ 31. Kf1 Rh2 32. Kg1 Rhg2+ 33. Kf1 Rh2 34. Kg1 Rhg2+ 1/2-1/2


[Site "https://www.chess.com"]

[Event "Titled Tuesday Blitz November 22 Late 2022"]
[White "Gerbelli Neto, Eduardo"]
[Black "Alexikov, Alexander"]
[WhiteFideId "2103281"]
[BlackFideId "14103958"]
[WhiteElo "2178"]
[BlackElo "2222"]
[Result "1-0"]
[Round "09"]
[TimeControl "180+1"]
[Date "2022.11.23"]
[WhiteClock "0:00:14"]
[BlackClock "0:00:19"]

1. e4 c5 2. Nc3 Nc6 3. f4 g6 4. Nf3 Bg7 5. Bc4 e6 6. f5 Nge7 7. fxe6 dxe6 8. d3 O-O 9. O-O Na5 10. Qe1 a6 11. Bg5 Nxc4 12. dxc4 Qc7 13. Qh4 f6 14. Be3 b6 15. Rad1 Nc6 16. Ne2 e5 17. Nc3 Be6 18. Nd5 Bxd5 19. cxd5 Nd4 20. c3 Nxf3+ 21. gxf3 Qd6 22. Kh1 c4 23. Qf2 Rab8 24. b3 cxb3 25. axb3 f5 26. Qd2 f4 27. Bf2 g5 28. Rg1 Bf6 29. c4 a5 30. Rc1 Rbc8 31. c5 bxc5 32. Qxa5 Be7 33. Rc4 Kh8 34. Rgc1 Qh6 35. Bxc5 Bxc5 36. Rxc5 Ra8 37. Qd2 Qh3 38. Qg2 Qxg2+ 39. Kxg2 Rfb8 40. R1c3 Ra3 41. Rc8+ Rxc8 42. Rxc8+ Kg7 43. d6 Ra2+ 44. Kh3 Rd2 45. Rc7+ Kg6 46. d7 h5 47. b4 Kf6 48. b5 Ke7 49. b6 Rb2 50. b7 Rb3 51. d8=Q+ Kxd8 52. Rc8+ Kd7 53. b8=Q Rxb8 54. Rxb8 Kd6 55. Rg8 1-0


[Site "https://www.chess.com"]

[Event "Titled Tuesday Blitz November 22 Late 2022"]
[White "Golubev, Mikhail"]
[Black "Goltsev, Dmitry"]
[WhiteFideId "14100983"]
[BlackFideId "24176710"]
[WhiteElo "2374"]
[BlackElo "2289"]
[Result "1/2-1/2"]
[Round "09"]
[TimeControl "180+1"]
[Date "2022.11.22"]
[WhiteClock "0:00:16"]
[BlackClock "0:01:24"]

1. e4 e6 2. d4 d5 3. Nc3 c5 4. exd5 exd5 5. Bb5+ Nc6 6. Nf3 Nf6 7. O-O Be7 8. dxc5 Bxc5 9. Qe2+ Be6 10. Ng5 O-O 11. Nxe6 fxe6 12. Qxe6+ Kh8 13. Bxc6 bxc6 14. Na4 Bd6 15. Bg5 Qc7 16. Qh3 Ne4 17. Bh4 Rae8 18. Nc3 Qb6 19. Nxe4 Rxe4 20. b3 Re2 21. c4 Bc5 22. Qd3 Bxf2+ 23. Kh1 Ree8 24. Bxf2 Rxf2 25. cxd5 cxd5 26. Qxd5 h6 27. h3 Ree2 28. Rxf2 Qxf2 29. Qd8+ Kh7 30. Qd3+ Kh8 31. Qd8+ Kh7 32. Qd3+ Kg8 33. Qd5+ Kh7 34. Qd3+ 1/2-1/2


[Site "https://www.chess.com"]

[Event "Titled Tuesday Blitz November 22 Late 2022"]
[White "Gonzalez, Francisco Silva"]
[Black "Rios Escobar, Adan"]
[WhiteFideId "1512285"]
[BlackFideId "3403645"]
[WhiteElo "2159"]
[BlackElo "2328"]
[Result "0-1"]
[Round "09"]
[TimeControl "180+1"]
[Date "2022.11.23"]
[WhiteClock "0:00:21"]
[BlackClock "0:00:08"]

1. d4 Nf6 2. c4 g6 3. Nc3 Bg7 4. e4 d6 5. f3 O-O 6. Be3 a6 7. Qd2 Nc6 8. Nge2 Na5 9. b3 b5 10. Nd1 c5 11. dxc5 Nxe4 12. fxe4 Bxa1 13. cxd6 exd6 14. c5 dxc5 15. Qxd8 Rxd8 16. Bxc5 Nc6 17. Ndc3 Be6 18. Kf2 Ne5 19. Be7 Rd2 20. Ke3 Rd3+ 21. Kf4 Re8 22. Bf6 Nd7 23. Ng3 Rxc3 24. Bxc3 Bxc3 25. Bd3 Bd2+ 26. Kf3 Ne5+ 27. Ke2 Bf4 28. Bb1 Bg4+ 29. Kf2 Rd8 30. Nf1 Rd1 31. h3 Be6 32. g3 Bh6 33. Ke2 Rxb1 34. g4 b4 35. Kf2 Bf4 36. Rg1 Rb2+ 37. Ke1 Nf3+ 38. Kd1 Nxg1 39. e5 Bd5 40. Nh2 Rxh2 41. e6 fxe6 42. h4 Bf3+ 43. Ke1 Bg3+ 44. Kf1 Re2 0-1


[Site "https://www.chess.com"]

[Event "Titled Tuesday Blitz November 22 Late 2022"]
[White "Goryachkina, Aleksandra"]
[Black "Gutkin, Ilya"]
[WhiteFideId "4147103"]
[BlackFideId "16203470"]
[WhiteElo "2484"]
[BlackElo "2265"]
[Result "1-0"]
[Round "09"]
[TimeControl "180+1"]
[Date "2022.11.23"]
[WhiteClock "0:00:06"]
[BlackClock "0:00:01"]

1. e4 e6 2. d4 d5 3. Nc3 Nf6 4. Bg5 dxe4 5. Nxe4 Be7 6. Nxf6+ Bxf6 7. Bxf6 Qxf6 8. Nf3 O-O 9. Qd2 Rd8 10. O-O-O c5 11. Qe3 Nc6 12. c3 cxd4 13. Nxd4 Nxd4 14. Rxd4 Rxd4 15. Qxd4 Qxd4 16. cxd4 Bd7 17. Kd2 Bc6 18. f3 Kf8 19. Bd3 h6 20. Ke3 Ke7 21. h4 Kd6 22. Rc1 g5 23. hxg5 hxg5 24. Be4 Rh8 25. Bxc6 bxc6 26. Rc5 f5 27. Ra5 Rh2 28. Kf2 Rh4 29. Ke3 Rh2 30. Kf2 Rh7 31. b3 Rb7 32. g4 Rf7 33. Ke3 Re7 34. Kd3 Rf7 35. Kc4 Rf6 36. a4 Rf7 37. b4 Rf6 38. Rxa7 fxg4 39. fxg4 Rf4 40. Rg7 Rxg4 41. a5 Rg1 42. a6 Rc1+ 43. Kd3 Ra1 44. a7 g4 45. Ke4 g3 46. Kf3 Ra3+ 47. Kg2 Kd5 48. Rg5+ Kxd4 49. Ra5 Rb3 50. a8=Q Rxb4 51. Qd8+ Ke4 52. Qd6 1-0


[Site "https://www.chess.com"]

[Event "Titled Tuesday Blitz November 22 Late 2022"]
[White "Graif, William"]
[Black "Young, Ryan"]
[WhiteFideId "2609835"]
[BlackFideId "2049945"]
[WhiteElo "2205"]
[BlackElo "2327"]
[Result "1/2-1/2"]
[Round "09"]
[TimeControl "180+1"]
[Date "2022.11.23"]
[WhiteClock "0:00:15"]
[BlackClock "0:00:21"]

1. e4 e5 2. Nf3 d6 3. d4 exd4 4. Bc4 Be7 5. c3 d3 6. Qb3 Nc6 7. Bxf7+ Kf8 8. Bxg8 Rxg8 9. O-O Qe8 10. Bf4 Qf7 11. Qxf7+ Kxf7 12. Rd1 h6 13. Rxd3 Be6 14. Nd4 Bc4 15. Rf3 Bf6 16. Nd2 Ba6 17. Re1 Rge8 18. Nf5 Kg8 19. Rfe3 b6 20. Bg3 Bb7 21. f4 Ne7 22. Nxe7+ Rxe7 23. e5 dxe5 24. fxe5 Bg5 25. R3e2 Rd8 26. Nf3 Bxf3 27. gxf3 Rf8 28. h4 Bf4 29. Kg2 Rf5 30. Bxf4 Rxf4 31. Kg3 Rf5 32. f4 h5 33. Rd1 Ref7 34. Re4 Re7 35. Rd8+ Kf7 36. Rc8 a5 37. e6+ Kg6 38. Rd8 Rf6 39. Rd7 Rexe6 40. Rxe6 Rxe6 41. Rxc7 Re2 42. Rc6+ Kf5 43. Rxb6 Re3+ 44. Kf2 Rd3 45. c4 Kxf4 46. c5 Rd2+ 47. Ke1 Rc2 48. Rb5 a4 49. Rb4+ Ke3 50. Kd1 Rxc5 51. Rxa4 Rf5 52. Kc2 Rf2+ 53. Kc3 Rf1 54. Ra5 g6 55. Rg5 Rf4 56. Rxg6 Rxh4 57. b4 Rh1 58. Kb3 h4 59. b5 h3 60. Rh6 h2 61. Kb2 Kd4 62. b6 Rg1 63. Rxh2 Rg7 64. Rc2 Rb7 65. Rc6 Kd5 66. Rh6 Kc5 67. Kb3 Rxb6+ 68. Rxb6 Kxb6 69. Kb4 Ka7 70. Ka5 Ka8 71. Ka6 Kb8 72. Kb6 Ka8 73. Ka6 Kb8 74. a4 Ka8 75. a5 Kb8 76. Kb6 Ka8 77. Kb5 Ka7 78. a6 Ka8 79. Ka5 Ka7 80. Kb5 Ka8 81. Kb6 Kb8 82. Kc6 Ka8 83. Kd5 Ka7 84. Ke4 Kxa6 1/2-1/2


[Site "https://www.chess.com"]

[Event "Titled Tuesday Blitz November 22 Late 2022"]
[White "Gritsenko, Nikolai"]
[Black "Djordjevic, Vuk"]
[WhiteFideId "14112493"]
[BlackFideId "902098"]
[WhiteElo "2389"]
[BlackElo "2456"]
[Result "1-0"]
[Round "09"]
[TimeControl "180+1"]
[Date "2022.11.22"]
[WhiteClock "0:00:30"]
[BlackClock "0:00:01"]

1. b3 e5 2. Bb2 Nc6 3. c4 g6 4. e3 Bg7 5. Nf3 Nge7 6. d4 exd4 7. Nxd4 O-O 8. Nxc6 Nxc6 9. Bxg7 Kxg7 10. Nc3 d6 11. Qd2 Bf5 12. Be2 Qg5 13. O-O Rae8 14. Kh1 h5 15. Bf3 Bg4 16. Bd5 h4 17. h3 Bf5 18. Rad1 Qf6 19. Nb5 Re7 20. Nd4 Nxd4 21. Qxd4 b6 22. Qxf6+ Kxf6 23. Rd4 Rh8 24. Kg1 a5 25. Re1 Be6 26. f3 Bxd5 27. cxd5 Rhe8 28. Kf2 g5 29. Rd3 Ra8 30. a3 a4 31. b4 b5 32. Rc3 Ra6 33. Rec1 Ra7 34. Rd3 Rb7 35. Rc6 Kg6 36. Rd4 f6 37. Ke2 Re5 38. Kd3 Kf7 39. Rc3 Re8 40. Re4 Rf8 41. Rc6 Rg8 42. Re6 1-0


[Site "https://www.chess.com"]

[Event "Titled Tuesday Blitz November 22 Late 2022"]
[White "Gurevich, Dmitry"]
[Black "Zhu, Jiner"]
[WhiteFideId "2000407"]
[BlackFideId "8608059"]
[WhiteElo "2506"]
[BlackElo "2384"]
[Result "1/2-1/2"]
[Round "09"]
[TimeControl "180+1"]
[Date "2022.11.22"]
[WhiteClock "0:00:40"]
[BlackClock "0:01:04"]

1. d4 Nf6 2. c4 g6 3. Nc3 Bg7 4. e4 d6 5. Nf3 O-O 6. Be2 e5 7. O-O Bg4 8. dxe5 Bxf3 9. Bxf3 dxe5 10. Qxd8 Rxd8 11. Nd5 Na6 12. Be3 c6 13. Nxf6+ Bxf6 14. Rfd1 Be7 15. a3 h5 16. b4 Nc7 17. Be2 f6 18. f3 Kf7 19. c5 Ke8 20. Bc4 Rxd1+ 21. Rxd1 a5 22. h4 axb4 23. axb4 Ra4 24. Rb1 Nb5 25. Bxb5 cxb5 26. Rb3 Kd7 27. Kf2 Kc6 28. g4 Ra2+ 29. Kg3 Rc2 30. gxh5 gxh5 31. f4 Rc4 32. Kf3 Bd8 33. fxe5 fxe5 34. Bg5 Bc7 35. Be3 Rc2 36. Bg5 b6 37. Be3 bxc5 38. Bxc5 Rd2 39. Ra3 Kd7 40. Ra7 Rd3+ 41. Ke2 Rc3 42. Bb6 Kd6 43. Bxc7+ Rxc7 44. Rxc7 Kxc7 45. Kf1 Kc6 46. Kg1 Kc7 47. Kh1 Kc6 48. Kh2 Kc7 49. Kg2 Kc6 50. Kf2 Kc7 51. Ke2 Kc6 52. Kd2 Kc7 53. Kc2 Kc6 54. Kb2 Kc7 55. Ka2 Kc6 56. Ka1 Kc7 57. Kb1 Kc6 58. Kc1 Kc7 59. Kd1 Kc6 60. Ke1 Kc7 61. Kf1 Kc6 62. Kg1 Kc7 63. Kh1 Kc6 64. Kh2 Kc7 65. Kg2 Kc6 66. Kf2 Kc7 67. Ke2 Kc6 68. Kd2 Kc7 69. Kc2 Kc6 70. Kb2 Kc7 71. Ka2 Kc6 72. Ka1 Kc7 73. Kb1 Kc6 74. Kc1 Kc7 75. Kd1 Kc6 76. Ke1 Kc7 77. Kf1 1/2-1/2


[Site "https://www.chess.com"]

[Event "Titled Tuesday Blitz November 22 Late 2022"]
[White "Guzman, Christopher"]
[Black "Hardaway, Brewington"]
[WhiteFideId "6405096"]
[BlackFideId "30941849"]
[WhiteElo "2272"]
[BlackElo "2159"]
[Result "0-1"]
[Round "09"]
[TimeControl "180+1"]
[Date "2022.11.22"]
[WhiteClock "0:01:16"]
[BlackClock "0:00:56"]

1. f4 e6 2. e4 d5 3. e5 c5 4. Nf3 Nc6 5. c4 d4 6. d3 Nge7 7. Nbd2 Nf5 8. Ne4 h5 9. g3 g6 10. Bh3 Be7 11. O-O b6 12. a3 Bb7 13. Qe2 a5 14. Bd2 a4 15. Rae1 Na5 16. Bg2 Nb3 17. Nfg5 Nxd2 18. Qxd2 Rb8 19. Rf2 Ne3 20. Bf3 h4 21. g4 Bxg5 22. Nxg5 Bxf3 23. Rxf3 Nxg4 24. Qd1 Qd7 25. Ne4 Ke7 26. Nd6 Ne3 27. Rfxe3 dxe3 28. Rxe3 f5 29. Re2 Rbg8 30. Rg2 Qc6 31. h3 Rh7 32. Kh2 Rhg7 33. Rg5 Rd8 34. Qe2 Rgg8 35. Rg1 Rxd6 36. exd6+ Qxd6 37. Qf2 g5 38. Kh1 Qxd3 39. Qg2 g4 40. hxg4 Rxg4 41. Qb7+ Kf6 42. Rxg4 Qf1+ 43. Kh2 fxg4 0-1


[Site "https://www.chess.com"]